 Dungeon Crawl Stone Soup version 0.31.0-32-g396128a36d (webtiles) character file.

Game seed: 15471329107357718480

159 PaiMei the Grave Robber (level 5, -1/38 HPs)
             Began as a Demonspawn Necromancer on Apr 23, 2024.
             Slain by a bullfrog (6 damage)
             ... in a sewer.
             The game lasted 00:04:50 (3053 turns).

PaiMei the Grave Robber (Demonspawn Necromancer)    Turns: 3053, Time: 00:04:51

Health: -1/38      AC:  3    Str:  8    XL:     5   Next: 17%
Magic:  4/9        EV: 12    Int: 17    God:
Gold:   93         SH:  0    Dex: 14    Spells: 9/10 levels left

rFire   . . .        l - +1 dagger (venom)
rCold   . . .        (no shield)
rNeg    . . .        a - +0 robe
rPois   .            (no helmet)
rElec   .            (no cloak)
rCorr   .            (no gloves)
SInv    .            h - +0 pair of boots
Will    .....        (no amulet)
Stlth   ++           (no ring)
HPRegen 0.26/turn    (no ring)
MPRegen 0.11/turn

%: no passive effects
@: no status effects
A: hooves 1, ignite blood 2
a: no special abilities


You were in a sewer.
You visited 1 branch of the dungeon, and saw 3 of its levels.
You also visited: Sewer.

You collected 93 gold pieces.

Inventory:

Hand Weapons
 i - a +1 dagger of flaming
 l - a +1 dagger of venom (weapon)
Missiles
 e - a throwing net
 m - 4 poisoned darts (quivered)
Armour
 a - a +0 robe (worn)
 h - a +0 pair of boots (worn)
Jewellery
 f - an amulet of faith
Scrolls
 d - 4 scrolls of teleportation {unknown}
 g - 2 scrolls of immolation {unknown}
 k - a scroll of revelation {unknown}
 o - a scroll of brand weapon {unknown}
 p - a scroll of vulnerability {unknown}
Potions
 b - a potion of magic
 j - a potion of attraction {unknown}
 n - a potion of degeneration {unknown}


   Skills:
 + Level 1.7 Fighting
 + Level 2.8 Dodging
 - Level 2.2 Stealth
 + Level 3.0 Spellcasting
 + Level 5.2 Necromancy


You had 9 spell levels left.
You knew the following spells:

 Your Spells              Type           Power      Damage    Failure   Level
a - Necrotise             Necr           80%        1d8       1%          1

Your spell library contained the following spells:

 Spells                   Type           Power      Damage    Failure   Level
 Vampiric Draining        Necr           20%        2d7       6%          3
 Animate Dead             Necr           20%        N/A       21%         4
 Curse of Agony           Necr           20%        N/A       50%         5


Dungeon Overview and Level Annotations

Branches:
Dungeon (3/15)              Sewer (1/1)

Altars:


Innate Abilities, Weirdness & Mutations

You have large cloven feet.
Your demonic aura often causes spilled blood to erupt in flames.


Message History

You hit the bullfrog.
The bullfrog is poisoned.
The bullfrog is moderately wounded.
The bullfrog closely misses you. x2
You hit the bullfrog.
The bullfrog looks as sick as possible!
The bullfrog is heavily wounded.
The bullfrog completely misses you.
The bullfrog hits you but does no damage.
The bullfrog hits you.
Casting: Necrotise (safe; 2% risk of failure)
Confirm with . or Enter, or press ? or * to list all spells.
Aiming: Necrotise (safe; 2% risk of failure)
Press: ? - help, Shift-Dir - straight line, f/p - bullfrog
Aim: a bullfrog (severely wounded, extremely poisoned, chance to affect: 78%)
The bullfrog writhes in agony.
You kill the bullfrog!
The bullfrog hits you.
The dead are hopping!
The bullfrog hits you!
* * * LOW HITPOINT WARNING * * *
Your Spellcasting skill increases to level 3!
You have reached level 5!
Your demonic ancestry asserts itself...
Your blood runs red-hot!
You hit the bullfrog but do no damage.
The bullfrog is poisoned.
The bullfrog hits you.
* * * LOW HITPOINT WARNING * * *
Your bullfrog skeleton hits the bullfrog.
You hit the bullfrog.
The bullfrog is moderately wounded.
The bullfrog hits you.
* * * LOW HITPOINT WARNING * * *
Your bullfrog skeleton hits the bullfrog.
The bullfrog closely misses you.
Casting: Necrotise (safe; 1% risk of failure)
Confirm with . or Enter, or press ? or * to list all spells.
Aiming: Necrotise (safe; 1% risk of failure)
Press: ? - help, Shift-Dir - straight line, f - bullfrog
Aim: a bullfrog (heavily wounded, very poisoned, ally target, chance to affect: 78%)
The bullfrog writhes in agony.
Your bullfrog skeleton barely misses the bullfrog.
The bullfrog hits you.
You die...

#.# #.~≈~.≈~≈≈≈≈≈≈ #.#
#.# #.~≈~.≈≈≈≈≈≈~≈≈≈≈#
#.# #∩#
#.~≈~.≈≈≈≈≈.~.≈≈≈≈ #.#
#.# #.~≈~~≈≈≈≈~!..≈≈≈≈
#.# #∩#
#.~≈~~≈≈≈†?$[.≈≈≈≈ #.#
#.# #.~≈~≈≈≈≈~~$)≈≈≈≈≈#
#.# ###
#.~≈≈~≈≈~~~~.≈≈≈≈≈# #.#
#.~≈~≈~≈~~ZF.~≈≈≈≈# #.#
#.~≈~≈~≈.~@.~..≈≈# #~#
#.~≈≈~≈≈~~≈~~.∩~≈# #~#
#.~≈≈~≈≈≈~≈≈~~~≈≈# #.#
#.~≈≈~≈≈≈≈~≈≈≈~≈## #~#
#.~≈~~≈≈≈≈≈~≈≈≈≈# #.#
#.~≈~.≈≈≈≈≈≈~≈≈## #~#
#.~≈~.~~~~≈~≈≈########~#
#.~≈~~..~~~~≈≈≈≈≈~.~~~~#
#.~≈≈~~~~~~~~≈≈≈≈≈~≈~~~#


You could see a bullfrog (very poisoned, ally target) and a friendly bullfrog
skeleton.

Vanquished Creatures
  A bullfrog (Sewer)
  A river rat (D:3)
  A ribbon worm (D:2)
  4 dart slugs (Sewer)
  4 endoplasms
  15 giant cockroaches
  4 goblins
  4 hobgoblins
  2 quokkas (D:1)
  5 ball pythons
  4 bats
  9 frilled lizards
  3 kobolds
  8 rats
65 creatures vanquished.

Vanquished Creatures (collateral kills)
  A dart slug (Sewer)
  3 giant cockroaches (Sewer)
4 creatures vanquished.

Grand Total: 69 creatures vanquished

Notes
Turn   | Place    | Note
-------+----------+-------------------------------------------
     0 | D:1      | PaiMei the Demonspawn Necromancer began the quest for the
                  | Orb.
     0 | D:1      | Reached XP level 1. HP: 13/13 MP: 3/3
   322 | D:1      | Gained mutation: Your demonic aura sometimes causes spilled
                  | blood to erupt in flames. [demonic ancestry]
   322 | D:1      | Reached XP level 2. HP: 19/19 MP: 0/5
  1406 | D:2      | Gained mutation: You have large cloven feet. [demonic
                  | ancestry]
  1406 | D:2      | Reached XP level 3. HP: 23/24 MP: 0/6
  2178 | D:3      | Found a glowing drain.
  2300 | Sewer    | Entered a sewer
  2534 | Sewer    | Reached skill level 1 in Fighting
  2536 | Sewer    | Reached XP level 4. HP: 20/32 MP: 0/7
  2960 | Sewer    | Reached skill level 5 in Necromancy
  3034 | Sewer    | Noticed a bullfrog
  3045 | Sewer    | Noticed a bullfrog
  3050 | Sewer    | Killed a bullfrog
  3051 | Sewer    | Gained mutation: Your demonic aura often causes spilled
                  | blood to erupt in flames. [demonic ancestry]
  3051 | Sewer    | Reached XP level 5. HP: 10/38 MP: 5/9
  3053 | Sewer    | Slain by a bullfrog

Illustrated notes

Levels and vault maps discovered:
D:1:      lemuel_arrival_behind_the_door_large, layout_loops_corners,
          minmay_tromino_v2
D:2:      layout_basic, kennysheep_boxes
D:3:      minmay_diamond_boxcup, layout_rooms, minitemple,
          cheibrodos_sewer_entry_sluice, minivault_27, uniq_robin
Sewer:    sewer_frog_island_01

Skill      XL: |  1  2  3  4 |
---------------+-------------+-----
Stealth        | 2 |  2.2
Dodging        | 2 |  2.8
Fighting       | 1 |  1.7
Necromancy     | 5 |  5.2
Spellcasting   | 3 |  3.0

Action                     |  1- 3 |  4- 6 || total
---------------------------+-------+-------++-------
  Melee: Spear             |     9 |       ||     9
         Dagger            |     7 |    13 ||    20
   Cast: Necrotise         |    89 |    27 ||   116
 Armour: Robe              |    29 |    11 ||    40
  Dodge: Dodged            |    41 |    14 ||    55
